ITL
CHATTANOOGA CHINPOKOMON @ INDIANA HOUNDS
04/29/2028
 
TOP OF THE 1ST
Chattanooga Chinpokomon batting - Pitching for Indiana Hounds : LHP Daniel Gregory
Pitching: LHP Daniel Gregory
Batting: RHB Jesús Ramírez 0-0: Swinging Strike
0-1: SINGLE (Line Drive, 3D)
Batting: RHB Felipe Rego 0-0: Foul Ball, location: 2F
0-1: Ball
1-1: 2-RUN HOME RUN (Flyball, 78XD), Distance : 402 ft
Batting: RHB Cristo García 0-0: Ball
1-0: Fly out, F7 (Flyball, 7LSF)
Batting: RHB Armando Cuevas 0-0: Ground out 6-3 (Groundball, 6)
Batting: RHB Ryosei Yamamoto 0-0: Ball
1-0: Fly out, F6 (Line Drive, 6)
Top of the 1st over - 2 run(s), 2 hit(s), 0 error(s), 0 left on base; Chattanooga 2 - Indiana 0
BOTTOM OF THE 1ST
Indiana Hounds batting - Pitching for Chattanooga Chinpokomon : LHP Esteban Santos
Pitching: LHP Esteban Santos
Batting: RHB Javier Martínez 0-0: Ball
1-0: Ground out 5-3 (Groundball, 56S)
Batting: RHB Octávio Marín 0-0: Called Strike
0-1: Foul Ball, location: 2F
0-2: Strikes out swinging
Batting: RHB Bob Lazzeri 0-0: Ball
1-0: SINGLE (Line Drive, 4MD)
Batting: RHB Doug Murray 0-0: Ball
1-0: Called Strike
1-1: Ball
2-1: Foul Ball, location: 2F
2-2: DOUBLE (Groundball, 5L)
Bob Lazzeri to third
Batting: RHB Jeff Jones 0-0: Ball
1-0: Ball
2-0: Ball
3-0: Called Strike
3-1: Called Strike
3-2: Base on Balls
Batting: RHB Danny Walker 0-0: Ball
1-0: Fly out, F4 (Popup, 4S)
Bottom of the 1st over - 0 run(s), 2 hit(s), 0 error(s), 3 left on base; Chattanooga 2 - Indiana 0
TOP OF THE 2ND
Chattanooga Chinpokomon batting - Pitching for Indiana Hounds : LHP Daniel Gregory
Batting: RHB Juan Pérez 0-0: Foul Ball, location: 2F
0-1: Ball
1-1: Ball
2-1: Foul Ball, location: 2F
2-2: Ground out 4-3 (Groundball, 4)
Batting: LHB Martin Davis 0-0: SINGLE (Groundball, 4D)
Batting: RHB Kyung-bok Cho 0-0: Ball
1-0: Foul Ball, location: 2F
1-1: Called Strike
1-2: Foul Ball, location: 2F
1-2: Ball
2-2: SINGLE (Groundball, 34D)
Martin Davis to second
Throwing error, E9
Martin Davis scores
Kyung-bok Cho to second
Batting: RHB José Martínez 0-0: Called Strike
0-1: SINGLE (Groundball, 34D)
Kyung-bok Cho to third
Runner from 3rd tries for Home, throw and OUT!
Batting: RHB Jesús Ramírez 0-0: Called Strike
0-1: Ball
1-1: Ball
2-1: Ball
3-1: SINGLE (Line Drive, 4MD)
José Martínez to second
Runner from 2nd tries for 3rd, SAFE, throw made to third
Batting: RHB Felipe Rego 0-0: Ball
1-0: Foul Ball, location: 2F
1-1: Foul Ball, location: 2F
1-2: Foul Ball, location: 2F
1-2: Fielders Choice at 2nd, 6-4 (Groundball, 6)
Top of the 2nd over - 1 run(s), 4 hit(s), 1 error(s), 1 left on base; Chattanooga 3 - Indiana 0
BOTTOM OF THE 2ND
Indiana Hounds batting - Pitching for Chattanooga Chinpokomon : LHP Esteban Santos
Batting: LHB Denny Poole 0-0: Swinging Strike
0-1: Ball
1-1: Swinging Strike
1-2: Foul Ball, location: 2F
1-2: Ball
2-2: Strikes out swinging
Batting: LHB Pepe Vázquez 0-0: Called Strike
0-1: Swinging Strike
0-2: Ball
1-2: Ball
2-2: Fly out, F7 (Flyball, 78S)
Batting: LHB Dave Helásquez 0-0: Ball
1-0: Foul Ball, location: 2F
1-1: Called Strike
1-2: Ball
2-2: Ground out U3 (Groundball, 34)
Bottom of the 2nd over - 0 run(s), 0 hit(s), 0 error(s), 0 left on base; Chattanooga 3 - Indiana 0
TOP OF THE 3RD
Chattanooga Chinpokomon batting - Pitching for Indiana Hounds : LHP Daniel Gregory
Batting: RHB Cristo García 0-0: Called Strike
0-1: Ball
1-1: Foul Ball, location: 2F
1-2: Strikes out swinging
Batting: RHB Armando Cuevas 0-0: Foul Ball, location: 2F
0-1: Swinging Strike
0-2: Strikes out swinging
Batting: RHB Ryosei Yamamoto 0-0: Ball
1-0: Foul Ball, location: 2F
1-1: Ball
2-1: Foul Ball, location: 2F
2-2: Ground out U3 (Groundball, 34S)
Top of the 3rd over - 0 run(s), 0 hit(s), 0 error(s), 0 left on base; Chattanooga 3 - Indiana 0
BOTTOM OF THE 3RD
Indiana Hounds batting - Pitching for Chattanooga Chinpokomon : LHP Esteban Santos
Batting: RHB Javier Martínez 0-0: DOUBLE (Line Drive, 78M)
Batting: RHB Octávio Marín 0-0: Foul Ball, location: 2F
0-1: Fly out, F9 (Flyball, 9D)
Runner from 2nd tags up, SAFE at 3rd, no throw
Batting: RHB Bob Lazzeri 0-0: Ground out 5-3 (Groundball, 5)
Batting: RHB Doug Murray 0-0: Called Strike
0-1: Ball
1-1: Ball
2-1: Foul Ball, location: 2F
2-2: Fly out, F9 (Flyball, 9S)
Bottom of the 3rd over - 0 run(s), 1 hit(s), 0 error(s), 1 left on base; Chattanooga 3 - Indiana 0
TOP OF THE 4TH
Chattanooga Chinpokomon batting - Pitching for Indiana Hounds : LHP Daniel Gregory
Batting: RHB Juan Pérez 0-0: Called Strike
0-1: Swinging Strike
0-2: Ball
1-2: Foul Ball, location: 2F
1-2: DOUBLE (Line Drive, 9LS)
Batting: LHB Martin Davis 0-0: Called Strike
0-1: Swinging Strike
0-2: Ball
1-2: Strikes out swinging
Batting: RHB Kyung-bok Cho 0-0: Ball
1-0: Ball
2-0: Called Strike
2-1: Fly out, F6 (Popup, 6)
Batting: RHB José Martínez 0-0: Ball
1-0: Called Strike
1-1: Ball
2-1: Ball
Wild Pitch!
Juan Pérez to third
3-1: Foul Ball, location: 2F
3-2: Base on Balls
Batting: RHB Jesús Ramírez 0-0: Ball
1-0: Ball
2-0: Fly out, F8 (Flyball, 8RM)
Top of the 4th over - 0 run(s), 1 hit(s), 0 error(s), 2 left on base; Chattanooga 3 - Indiana 0
BOTTOM OF THE 4TH
Indiana Hounds batting - Pitching for Chattanooga Chinpokomon : LHP Esteban Santos
Batting: RHB Jeff Jones 0-0: Ball
1-0: Swinging Strike
1-1: Ball
2-1: Called Strike
2-2: Ball
3-2: Strikes out swinging
Batting: RHB Danny Walker 0-0: SOLO HOME RUN (Flyball, 78XD), Distance : 386 ft
Batting: LHB Denny Poole 0-0: SINGLE (Flyball, 7LS)
Batting: LHB Pepe Vázquez 0-0: Ball
1-0: Called Strike
1-1: Ground out U3 (Groundball, 3)
Denny Poole to second
Batting: LHB Dave Helásquez 0-0: Ball
1-0: Ball
2-0: Swinging Strike
2-1: Fly out, F7 (Flyball, 78M)
Bottom of the 4th over - 1 run(s), 2 hit(s), 0 error(s), 1 left on base; Chattanooga 3 - Indiana 1
TOP OF THE 5TH
Chattanooga Chinpokomon batting - Pitching for Indiana Hounds : LHP Daniel Gregory
Batting: RHB Felipe Rego 0-0: Foul Ball, location: 2F
0-1: Ball
1-1: Ball
2-1: SINGLE (Groundball, 56D)
Batting: RHB Cristo García 0-0: Ball
1-0: Called Strike
1-1: Fly out, F7 (Line Drive, 7LM)
Batting: RHB Armando Cuevas Pickoff Throw to First - Error! E1
Felipe Rego to second
0-0: Foul Ball, location: 2F
0-1: Ground out 4-3 (Groundball, 4M)
Felipe Rego to third
Batting: RHB Ryosei Yamamoto 0-0: SINGLE (Groundball, 5D)
Felipe Rego scores
Batting: RHB Juan Pérez 0-0: Foul Ball, location: 2F
0-1: Ball
1-1: Called Strike
1-2: DOUBLE (Popup, 56D)
Ryosei Yamamoto to third
Runner from 3rd tries for Home, SAFE, no throw
Batting: LHB Martin Davis 0-0: Ball
1-0: Ball
2-0: Swinging Strike
2-1: Ball
3-1: Base on Balls
Batting: RHB Kyung-bok Cho 0-0: Ball
1-0: Fly out, F7 (Flyball, 7LM)
Top of the 5th over - 2 run(s), 3 hit(s), 1 error(s), 2 left on base; Chattanooga 5 - Indiana 1
BOTTOM OF THE 5TH
Indiana Hounds batting - Pitching for Chattanooga Chinpokomon : LHP Esteban Santos
Batting: RHB Javier Martínez 0-0: SINGLE (Groundball, 4S) (infield hit)
Batting: RHB Octávio Marín 0-0: Called Strike
0-1: Ball
1-1: SINGLE (Groundball, 56D)
Javier Martínez to second
Batting: RHB Bob Lazzeri 0-0: Called Strike
0-1: SINGLE (Groundball, 34D)
Javier Martínez to third
Octávio Marín to second
Batting: RHB Doug Murray 0-0: SINGLE (Groundball, 25) (infield hit)
Javier Martínez scores
Octávio Marín to third
Bob Lazzeri to second
Batting: RHB Jeff Jones 0-0: Ball
1-0: Foul Ball, location: 2F
1-1: Foul Ball, location: 2F
1-2: Strikes out swinging
Batting: RHB Danny Walker 0-0: Ball
1-0: Grounds into double play, 4-6-3 (Groundball, 4)
Bottom of the 5th over - 1 run(s), 4 hit(s), 0 error(s), 2 left on base; Chattanooga 5 - Indiana 2
TOP OF THE 6TH
Chattanooga Chinpokomon batting - Pitching for Indiana Hounds : LHP Daniel Gregory
Pitching: RHP Porter Warren
Batting: RHB José Martínez 0-0: Ball
1-0: SINGLE (Groundball, 4MD)
Batting: RHB Jesús Ramírez 0-0: Swinging Strike
0-1: Ball
1-1: Ball
2-1: Fly out, F8 (Line Drive, 8LD)
Batting: RHB Felipe Rego 0-0: Called Strike
0-1: Called Strike
0-2: Ball
1-2: Foul Ball, location: 2F
1-2: Ball
2-2: Ball
3-2: Foul Ball, location: 2F
3-2: Base on Balls
José Martínez to second
Batting: RHB Cristo García 0-0: Fielders Choice at 2nd, 4-6 (Groundball, 4)
José Martínez to third
Batting: RHB Armando Cuevas 0-0: Ball
1-0: Ball
2-0: Called Strike
2-1: Called Strike
2-2: Foul Ball, location: 2F
2-2: 3-RUN HOME RUN (Flyball, 8RXD), Distance : 387 ft
Pitching: RHP Rob Fields
Batting: RHB Ryosei Yamamoto 0-0: Foul Ball, location: 2F
0-1: Ball
1-1: Ball
2-1: Foul Ball, location: 2F
2-2: Ground out 6-3 (Groundball, 6)
Top of the 6th over - 3 run(s), 2 hit(s), 0 error(s), 0 left on base; Chattanooga 8 - Indiana 2
BOTTOM OF THE 6TH
Indiana Hounds batting - Pitching for Chattanooga Chinpokomon : LHP Esteban Santos
Batting: LHB Denny Poole 0-0: Ball
1-0: Ball
2-0: Ball
3-0: Called Strike
3-1: Called Strike
3-2: Foul Ball, location: 2F
3-2: Fly out, F7 (Flyball, 7LM)
Batting: LHB Pepe Vázquez 0-0: Ball
1-0: SINGLE (Line Drive, 89S)
Batting: LHB Dave Helásquez 0-0: Ball
1-0: DOUBLE (Flyball, 78D)
Pepe Vázquez to third
Batting: RHB Javier Martínez 0-0: Called Strike
0-1: Ground out 5-3 (Groundball, 56)
Pepe Vázquez scores
Batting: RHB Octávio Marín 0-0: Foul Ball, location: 2F
0-1: Ground out 4-3 (Groundball, 4)
Bottom of the 6th over - 1 run(s), 2 hit(s), 0 error(s), 1 left on base; Chattanooga 8 - Indiana 3
TOP OF THE 7TH
Chattanooga Chinpokomon batting - Pitching for Indiana Hounds : RHP Rob Fields
Batting: RHB Juan Pérez 0-0: Ground out 6-3 (Groundball, 6)
Batting: LHB Martin Davis 0-0: Called Strike
0-1: Ball
1-1: Swinging Strike
1-2: Strikes out swinging
Batting: RHB Kyung-bok Cho 0-0: Called Strike
0-1: Swinging Strike
0-2: Ball
1-2: Ball
2-2: Ground out 6-3 (Groundball, 6)
Top of the 7th over - 0 run(s), 0 hit(s), 0 error(s), 0 left on base; Chattanooga 8 - Indiana 3
BOTTOM OF THE 7TH
Indiana Hounds batting - Pitching for Chattanooga Chinpokomon : LHP Esteban Santos
Batting: RHB Bob Lazzeri 0-0: Ball
1-0: Called Strike
1-1: Ball
2-1: Called Strike
2-2: Ball
3-2: Base on Balls
Batting: RHB Doug Murray 0-0: Ball
1-0: Ball
2-0: 2-RUN HOME RUN (Flyball, 78XD), Distance : 386 ft
Pitching: LHP Bob Quested
Batting: RHB Jeff Jones 0-0: Ball
1-0: Ball
2-0: Ground out 6-3 (Groundball, 6)
Batting: RHB Danny Walker 0-0: Ball
1-0: Called Strike
1-1: Called Strike
1-2: Ball
2-2: Ball
3-2: Strikes out looking
Batting: LHB Denny Poole 0-0: Ball
1-0: Ball
2-0: Ball
3-0: Base on Balls
Batting: LHB Pepe Vázquez 0-0: Called Strike
0-1: Ball
1-1: Foul Ball, location: 2F
1-2: Ball
2-2: Ball
3-2: SINGLE (Line Drive, 34)
Denny Poole to second
Denny Poole to third
Batting: LHB Dave Helásquez 0-0: Ball
1-0: Swinging Strike
1-1: Swinging Strike
1-2: Ball
2-2: Ball
3-2: Strikes out swinging
Bottom of the 7th over - 2 run(s), 2 hit(s), 0 error(s), 2 left on base; Chattanooga 8 - Indiana 5
TOP OF THE 8TH
Chattanooga Chinpokomon batting - Pitching for Indiana Hounds : RHP Rob Fields
Batting: RHB José Martínez 0-0: Ball
1-0: Ball
2-0: Swinging Strike
2-1: Foul Ball, location: 2F
2-2: Foul Ball, location: 2F
2-2: DOUBLE (Line Drive, 9LS)
Batting: RHB Jesús Ramírez 0-0: Ball
1-0: Called Strike
1-1: Called Strike
1-2: Strikes out swinging
Batting: RHB Felipe Rego 0-0: Foul Ball, location: 2F
0-1: Swinging Strike
0-2: Strikes out swinging
Batting: RHB Cristo García 0-0: Called Strike
0-1: Foul Ball, location: 2F
0-2: Ball
1-2: Ball
2-2: Strikes out swinging
Top of the 8th over - 0 run(s), 1 hit(s), 0 error(s), 1 left on base; Chattanooga 8 - Indiana 5
BOTTOM OF THE 8TH
Indiana Hounds batting - Pitching for Chattanooga Chinpokomon : LHP Bob Quested
Batting: RHB Javier Martínez 0-0: Ball
1-0: Ball
2-0: Foul Ball, location: 2F
2-1: Called Strike
2-2: Strikes out swinging
Batting: RHB Octávio Marín 0-0: Fly out, F8 (Flyball, 8RM)
Batting: RHB Bob Lazzeri 0-0: Called Strike
0-1: Ground out 6-3 (Groundball, 6)
Bottom of the 8th over - 0 run(s), 0 hit(s), 0 error(s), 0 left on base; Chattanooga 8 - Indiana 5
TOP OF THE 9TH
Chattanooga Chinpokomon batting - Pitching for Indiana Hounds : RHP Rob Fields
Batting: RHB Armando Cuevas 0-0: Ground out 6-3 (Groundball, 6)
Batting: RHB Ryosei Yamamoto 0-0: Ground out 6-3 (Groundball, 6)
Batting: RHB Juan Pérez 0-0: SINGLE (Line Drive, 34)
Batting: LHB Martin Davis 0-0: Ball
1-0: Foul Ball, location: 2F
1-1: Ball
2-1: Foul Ball, location: 2F
2-2: Ball
3-2: SINGLE (Line Drive, 89S)
Juan Pérez to second
Juan Pérez to third
Batting: RHB Kyung-bok Cho Pickoff Throw to First - Error! E1
Juan Pérez scores
Martin Davis to second
0-0: SINGLE (Groundball, 56D)
Martin Davis to third
Runner from 3rd tries for Home, throw and OUT!
Top of the 9th over - 1 run(s), 3 hit(s), 1 error(s), 1 left on base; Chattanooga 9 - Indiana 5
BOTTOM OF THE 9TH
Indiana Hounds batting - Pitching for Chattanooga Chinpokomon : LHP Bob Quested
Batting: RHB Doug Murray 0-0: Called Strike
0-1: Foul Ball, location: 2F
0-2: Ball
1-2: Strikes out swinging
Batting: RHB Jeff Jones 0-0: Ball
1-0: Foul Ball, location: 2F
1-1: Foul Ball, location: 2F
1-2: Foul Ball, location: 2F
1-2: Ball
2-2: Strikes out swinging
Batting: RHB Danny Walker 0-0: SINGLE (Groundball, 4D)
Batting: LHB Denny Poole 0-0: Ball
1-0: Ground out 1-3 (Groundball, 13)
Bottom of the 9th over - 0 run(s), 1 hit(s), 0 error(s), 1 left on base; Chattanooga 9 - Indiana 5
Tuesday, August 8th, 2017 - OOTP Baseball 17.12 Build 75